 Dungeon Crawl Stone Soup version 0.31-a0-233-g139696dc86 (webtiles) character file.

Game seed: 8684102603545637560

227 qw the Shooter (level 5, 0/45 HPs)
             Began as a Minotaur Hexslinger on July 9, 2023.
             Slain by a gnoll
             ... wielding a +0 halberd
              (7 damage)
             ... on level 3 of the Dungeon.
             The game lasted 00:01:17 (2607 turns).

qw the Shooter (Minotaur Hexslinger)                Turns: 2607, Time: 00:01:18

Health: 0/45       AC:  6    Str: 12    XL:     5   Next: 70%
Magic:  5/5        EV: 11    Int: 10    God:
Gold:   140        SH:  0    Dex: 15    Spells: 5/6 levels left

rFire   . . .        Y - +1 sling
rCold   . . .        (no shield)
rNeg    . . .        e - +0 ring mail
rPois   .            (helmet restricted)
rElec   .            (no cloak)
rCorr   .            (no gloves)
SInv    .            j - +0 pair of boots
Will    .....        (no amulet)
Stlth   +            (no ring)
HPRegen 0.27/turn    (no ring)
MPRegen 0.09/turn

%: no passive effects
@: no status effects
A: horns 2, retaliatory headbutt
a: no special abilities


You were on level 3 of the Dungeon.
You visited 1 branch of the dungeon, and saw 3 of its levels.

You collected 140 gold pieces.


Innate Abilities, Weirdness & Mutations

You have a pair of horns on your head.
You reflexively headbutt those who attack you in melee.


   Skills:
 + Level 3.0 Fighting
 - Level 6.0 Ranged Weapons
 - Level 1.0 Armour
 - Level 2.1 Dodging
 - Level 1.0 Spellcasting
 - Level 2.0 Hexes


You had 5 spell levels left.
You knew the following spells:

 Your Spells              Type           Power      Damage    Failure   Level
a - Slow                  Hex            16%        N/A       34%         1

Your spell library contained the following spells:

 Spells                   Type           Power      Damage    Failure   Level
 Inner Flame              Hex/Fire       2%         N/A       83%         3
 Portal Projectile        Hex/Tloc       4%         N/A       83%         3
 Cause Fear               Hex            2%         N/A       98%         4

Inventory:

Hand Weapons
 Y - a +1 sling (weapon)
Armour
 e - a +0 ring mail (worn)
 j - a +0 pair of boots (worn)
Scrolls
 c - 2 scrolls of identify
Potions
 a - a potion of mutation {unknown}
 b - a potion of resistance
 d - a potion of cancellation
 f - 3 potions of curing {unknown}
 g - a potion of degeneration {unknown}
 h - a potion of attraction {unknown}
 i - a potion of heal wounds {unknown}

Dungeon Overview and Level Annotations

Branches:
Dungeon (3/15)

Altars:
Ashenzari


Message History

The gnoll is lightly wounded.
You shoot a sling bullet. The sling bullet hits the gnoll.
The gnoll is moderately wounded.
You shoot a sling bullet. The sling bullet hits the gnoll.
The gnoll is moderately wounded.
The gnoll closely misses you. The gnoll hits you but does no damage.
You shoot a sling bullet.
The sling bullet barely misses the gnoll.
The sling bullet hits the gnoll.
The gnoll is moderately wounded.
You shoot a sling bullet.
The sling bullet closely misses the gnoll.
The gnoll closely misses you.
You shoot a sling bullet.
The sling bullet closely misses the gnoll.
The sling bullet hits the gnoll but does no damage.
The gnoll hits you but does no damage. x2
You shoot a sling bullet.
The sling bullet hits the gnoll but does no damage.
The gnoll is heavily wounded.
The gnoll hits you from afar with a +0 halberd!
The gnoll barely misses you.
You shoot a sling bullet.
The sling bullet hits the gnoll but does no damage.
The gnoll is heavily wounded.
The gnoll closely misses you.
The gnoll hits you from afar with a +0 halberd!
The gnoll misses you. The gnoll hits you with a +0 flail.
The gnoll barely misses you.
You shoot a sling bullet. The sling bullet hits the gnoll.
The gnoll is heavily wounded.
The gnoll hits you with a +0 flail.
The gnoll hits you from afar with a +0 halberd!
The gnoll barely misses you. The gnoll hits you but does no damage.
You shoot a sling bullet.
The sling bullet hits the gnoll but does no damage.
The gnoll is heavily wounded.
The gnoll hits you with a +0 flail.
The gnoll hits you from afar with a +0 halberd!
You die...

#..... #. #..... #g
#..... #.g #..... #..
#..... #.g# #########
#..... #$.. ........#
#.#.##
#..g########.####.#.#
#..gg@..............##
#..g########.####.....
#### #.######.##
#........# ##########


You could see 4 gnolls.

Vanquished Creatures
  A phantom (D:2)
  A gnoll (D:3)
  2 adders
  A worm (D:3)
  4 dart slugs
  7 orcs (D:3)
  7 ball pythons
  7 bats
  3 endoplasms
  5 giant cockroaches (D:1)
  6 goblins
  8 hobgoblins
  19 jackals
  9 kobolds
  3 quokkas
  4 frilled lizards
  12 rats
99 creatures vanquished.

Notes
Turn   | Place    | Note
-------+----------+-------------------------------------------
     0 | D:1      | qw the Minotaur Hexslinger began the quest for the Orb.
     0 | D:1      | Reached XP level 1. HP: 16/16 MP: 1/1
     0 | D:1      | 0 ||| qw: Version: 0.3-a-51-g015441d
     0 | D:1      | 0 ||| qw: Game counter: 4031
     0 | D:1      | 0 ||| qw: Melee chars always use a shield: true
     0 | D:1      | 0 ||| qw: God list: Okawaru
     0 | D:1      | 0 ||| qw: Allow faded altars: false
     0 | D:1      | 0 ||| qw: Do Orc after clearing Dungeon:15 true
     0 | D:1      | 0 ||| qw: Do second Lair branch before Depths: true
     0 | D:1      | 0 ||| qw: Lair rune preference: random
     0 | D:1      | 0 ||| qw: Goals: Normal
     0 | D:1      | 0 ||| PLANNING D:1-11
     4 | D:1      | 4 ||| Stepping ~*~*~tactically~*~*~ (outnumbered).
    73 | D:1      | Reached skill level 3 in Ranged Weapons
    73 | D:1      | Reached XP level 2. HP: 23/23 MP: 2/2
   103 | D:1      | HP: 4/23 [jackal (2)]
   228 | D:1      | Reached XP level 3. HP: 9/29 MP: 3/3
   554 | D:1      | Reached skill level 4 in Ranged Weapons
   779 | D:1      | You fall into a shaft and drop 1 floor!
   843 | D:2      | 843 ||| UPGRADING to +0 pair of boots.
   938 | D:2      | 938 ||| READING scroll labelled DURADU SUMUI.
   939 | D:2      | 939 ||| READING scroll labelled RUGROF TUQEO.
   940 | D:2      | 940 ||| READING scroll labelled MAAPPEJ TEKKAR.
   941 | D:2      | 941 ||| READING scroll labelled YGROBENUNG.
   942 | D:2      | 942 ||| DRINKING 2 viscous red potions.
   943 | D:2      | 943 ||| DROPPING scroll of poison.
   986 | D:1      | Reached XP level 4. HP: 36/36 MP: 4/4
  1322 | D:2      | Noticed a phantom
  1342 | D:2      | HP: 9/36 [phantom (2)]
  1348 | D:2      | HP: 7/36 [phantom (4)]
  1351 | D:2      | Killed a phantom
  1352 | D:2      | Reached skill level 5 in Ranged Weapons
  1352 | D:2      | Reached XP level 5. HP: 6/41 MP: 5/5
  1943 | D:3      | Reached skill level 3 in Fighting
  1945 | D:3      | 1945 ||| FLEEEEING.
  1946 | D:3      | 1946 ||| FLEEEEING.
  1947 | D:3      | 1947 ||| FLEEEEING.
  1948 | D:3      | 1948 ||| FLEEEEING.
  1949 | D:3      | 1949 ||| FLEEEEING.
  1950 | D:3      | 1950 ||| FLEEEEING.
  1951 | D:3      | 1951 ||| FLEEEEING.
  1952 | D:3      | 1952 ||| FLEEEEING.
  1953 | D:3      | 1953 ||| FLEEEEING.
  1954 | D:3      | 1954 ||| FLEEEEING.
  1955 | D:3      | 1955 ||| FLEEEEING.
  1956 | D:3      | 1956 ||| FLEEEEING.
  1957 | D:3      | 1957 ||| FLEEEEING.
  1958 | D:3      | 1958 ||| FLEEEEING.
  1959 | D:3      | 1959 ||| FLEEEEING.
  1960 | D:3      | 1960 ||| FLEEEEING.
  1961 | D:3      | 1961 ||| FLEEEEING.
  1962 | D:3      | 1962 ||| FLEEEEING.
  1963 | D:3      | 1963 ||| FLEEEEING.
  1964 | D:3      | 1964 ||| FLEEEEING.
  1965 | D:3      | 1965 ||| FLEEEEING.
  1966 | D:3      | 1966 ||| FLEEEEING.
  1967 | D:3      | 1967 ||| FLEEEEING.
  1968 | D:3      | 1968 ||| FLEEEEING.
  1969 | D:3      | 1969 ||| FLEEEEING.
  1970 | D:3      | 1970 ||| FLEEEEING.
  1971 | D:3      | 1971 ||| FLEEEEING.
  1972 | D:3      | 1972 ||| FLEEEEING.
  1973 | D:3      | 1973 ||| FLEEEEING.
  1974 | D:3      | 1974 ||| FLEEEEING.
  1975 | D:3      | 1975 ||| FLEEEEING.
  1976 | D:3      | 1976 ||| FLEEEEING.
  1977 | D:3      | 1977 ||| STAIRDANCE
  2009 | D:2      | 2009 ||| UPGRADING to +0 ring mail.
  2019 | D:2      | 2019 ||| DROPPING +0 robe.
  2020 | D:2      | 2020 ||| READING scroll labelled CADDIZXOMI.
  2221 | D:3      | Reached skill level 1 in Armour
  2260 | D:3      | Found a broken altar of Ashenzari.
  2484 | D:3      | Identified the +5 great sword "Tulaatie" {freeze, Dex+3
                  | SInv Stlth+}
  2488 | D:3      | Reached skill level 6 in Ranged Weapons
  2595 | D:3      | 2595 ||| Stepping ~*~*~tactically~*~*~ (outnumbered).
  2597 | D:3      | 2597 ||| Stepping ~*~*~tactically~*~*~ (outnumbered).
  2606 | D:3      | HP: 11/45 [gnoll/+0 halberd (7)]
  2607 | D:3      | Slain by a gnoll

Levels and vault maps discovered:
D:1:      dpeg_arrival_prison, layout_loops_cross,
          chequers_serial_rivers_small_a
D:2:      layout_loops_ring, nicolae_the_louvre
D:3:      minmay_wonky_spiral, layout_loops_ring, cheibrodos_ashenzari_chains,
          minmay_starry_boxes

Skill      XL: |  1  2  3  4  5 |
---------------+----------------+-----
Ranged Weapons | 3 4 5 6 |  6.0
Fighting       | 2 3 |  3.0
Armour         | 1 |  1.0
Dodging        | |  2.1
Spellcasting   | |  1.0
Hexes          | |  2.0

Action                     |  1- 3 |  4- 6 || total
---------------------------+-------+-------++-------
   Fire: Sling             |   144 |   185 ||   329
    Use: Scroll            |     4 |     1 ||     5
         Potion            |     1 |       ||     1
 Armour: Robe              |    21 |    17 ||    38
         Ring mail         |       |     9 ||     9
  Dodge: Dodged            |    59 |    58 ||   117

Table legend:
 A = Non-vault XP
 B = Vault XP
 C = Vault XP percentage of total XP
 D = Non-vault monster count
 E = Vault monster count
 F = Vault count percentage of total count
                 A         B        C        D         E       F
            +---------+---------+-------+---------+---------+-------
      Total |     279 |      46 |  14.2 |      82 |      17 |  17.2
            +---------+---------+-------+---------+---------+-------
        D:1 |      74 |      12 |  14.0 |      41 |       8 |  16.3
        D:2 |     153 |       0 |   0.0 |      21 |       0 |   0.0
        D:3 |      52 |      34 |  39.5 |      20 |       9 |  31.0
            +---------+---------+-------+---------+---------+-------
